 Dungeon Crawl Stone Soup version 0.31-a0-889-g1a8549509d (webtiles) character file.

Game seed: 9309988464145205988

452 Ekaitz the Firebug (level 6, 0/44 HPs)
             Began as a Demonspawn Fire Elementalist on Oct 16, 2023.
             Killed by nerve-wracking pain
             ... invoked by Menkaure
              (13 damage)
             ... on level 5 of the Dungeon.
             The game lasted 00:07:13 (3028 turns).

Ekaitz the Firebug (Demonspawn Fire Elementalist)   Turns: 3028, Time: 00:07:13

Health: 0/44       AC:  2    Str:  9    XL:     6   Next: 75%
Magic:  0/10       EV: 14    Int: 18    God:
Gold:   171        SH:  0    Dex: 13    Spells: 2/11 levels left

rFire   . . .        c - +1 short sword (flame)
rCold   + . .        (no shield)
rNeg    . . .        a - +0 robe
rPois   .            (no helmet)
rElec   .            (no cloak)
rCorr   .            (no gloves)
SInv    .            (no boots)
Will    .....        (no amulet)
Stlth   ++           f - ring of protection from cold
HPRegen 0.27/turn    w - ring of flight
MPRegen 0.24/turn

%: guardian spirit
@: flying
A: hooves 1, repulsion field 1, magic shield, magic regeneration
a: no special abilities


You were on level 5 of the Dungeon.
You visited 1 branch of the dungeon, and saw 5 of its levels.

You collected 171 gold pieces.

Inventory:

Hand Weapons
 c - a +1 short sword of flaming (weapon)
Missiles
 x - a throwing net
Armour
 a - a +0 robe (worn)
 k - a scarf of harm
Jewellery
 f - a ring of protection from cold (left hand)
 m - a ring of resist corrosion
 q - a ring of ice
 w - a ring of flight (right hand)
Wands
 u - a wand of light (7)
Scrolls
 e - 2 scrolls of blinking {unknown}
 g - 5 scrolls of identify {unknown}
 h - a scroll of fog {unknown}
 i - 4 scrolls of enchant armour {unknown}
 n - a scroll of enchant weapon {unknown}
 o - 3 scrolls of teleportation {unknown}
 r - a scroll of silence {unknown}
 t - a scroll of fear {unknown}
Potions
 b - a potion of magic
 d - a potion of attraction {unknown}
 j - a potion of curing {unknown}
 l - a potion of berserk rage {unknown}
 p - a potion of lignification {unknown}
 s - a potion of heal wounds {unknown}
 v - a potion of might {unknown}


   Skills:
 * Level 2.1 Fighting
 + Level 0.1 Short Blades
 * Level 2.0 Dodging
 + Level 2.1 Stealth
 + Level 3.1 Spellcasting
 * Level 3.4 Conjurations
 * Level 1.3 Hexes
 * Level 0.9 Translocations
 * Level 4.4 Fire Magic
 * Level 0.5 Evocations


You had 2 spell levels left.
You knew the following spells:

 Your Spells              Type           Power      Damage    Failure   Level
a - Foxfire               Conj/Fire      68%        2x1d7     3%          1
b - Scorch                Fire           36%        2d6       4%          2
c - Volatile Blastmotes   Fire/Tloc      24%        2d12      16%         3
i - Inner Flame           Hex/Fire       13%        N/A       14%         3

Your spell library contained the following spells:

 Spells                   Type           Power      Damage    Failure   Level
 Jinxbite                 Hex            14%        N/A       14%         2
 Freeze                   Ice            8%         1d3       16%         1
 Sandblast                Erth           4%         2d4       16%         1
 Ensorcelled Hibernation  Hex/Ice        10%        N/A       19%         2
 Passwall                 Tmut/Erth      1%         N/A       24%         2
 Hailstorm                Conj/Ice       9%         3d4       24%         3
 Stone Arrow              Conj/Erth      18%        3d8       24%         3
 Flame Wave               Conj/Fire      17%        2d7       32%         4
 Frozen Ramparts          Ice            4%         1d1       43%         3
 Brom's Barrelling Bould  Conj/Erth      9%         2d3       61%         4
 Anguish                  Hex/Necr       2%         N/A       77%         4


Dungeon Overview and Level Annotations

Branches:
Dungeon (5/15)
 Temple: D:4-7

Altars:
Nemelex Xobeh
Yredelemnul

Shops:
D:2 *

Annotations:
D:5 Menkaure


Innate Abilities, Weirdness & Mutations

You have large cloven feet.
You are surrounded by a mild repulsion field. (EV +2)
When hurt, damage is shared between your health and your magic reserves.
You regenerate magic rapidly.


Message History

Confirm with . or Enter, or press ? or * to list all spells.
You conjure some foxfire!
The foxfire hits Menkaure but does no damage.
Unknown command.
Casting: Foxfire (safe; 3% risk of failure)
Confirm with . or Enter, or press ? or * to list all spells.
You conjure some foxfire!
The foxfire hits Menkaure.
Menkaure is burned terribly!
Menkaure is moderately damaged.
The foxfire hits Menkaure.
Menkaure is moderately damaged.
Casting: Foxfire (safe; 3% risk of failure)
Confirm with . or Enter, or press ? or * to list all spells.
You conjure some foxfire!
The foxfire hits Menkaure.
Menkaure is burned terribly!
Menkaure is heavily damaged.
The foxfire hits Menkaure.
Menkaure is burned terribly!
Menkaure is heavily damaged.
The foxfire hits Menkaure!
Menkaure is burned terribly!
Menkaure is almost destroyed.
Your foxfire dissipates!
Casting: Foxfire (safe; 3% risk of failure)
Confirm with . or Enter, or press ? or * to list all spells.
You conjure some foxfire!
The foxfire hits Menkaure but does no damage.
Menkaure is almost destroyed.
Menkaure calls on the powers of darkness!
Your body is wracked with pain!
The foxfire hits Menkaure but does no damage.
Menkaure is almost destroyed.
The foxfire hits Menkaure.
Menkaure is almost destroyed.
The foxfire hits Menkaure but does no damage.
Menkaure is almost destroyed.
Menkaure calls on the powers of darkness!
Your body is wracked with pain!
* * * LOW HITPOINT WARNING * * *
Menkaure casts a spell at you. Pain shoots through your body!
You die...

...#.....#.......#.#.#.......
#.....#.......#.#.#........
....#.....#.#.#.#.#.#.#.......
....#...#.#.#.#.#.#.#.#.#.#....
.........#.#.#.#.#.#.#.#.#.#.#.
.........†..#.#§#.#.#.#.#.#.#.#
##.#.......#..§§.#.#.#.#.#.#.#.
##.........#.§.#.#.....#.#....
.#...#.#.#M.@..#.#.....#.....
.#.#.#.#.#...#.#............
#.#.#.#.#.#.#.#.#.......#.#.
.#.#...#.#.....#.#.......#.#
.#'.?.+#.......#.#.....#.#.
#.#... #.....#.#.#.#.#.#.#
#.#.... .......#.#.#.......
...... #.....###..........
......? ...###.###......


You could see Menkaure (fast).

Vanquished Creatures
  An ogre (D:5)
  A scorpion (D:4)
  A gnoll bouda (D:4)
  3 hounds
  A jelly (D:5)
  5 gnolls (D:4)
  6 adders
  2 dart slugs
  3 orcs
  5 endoplasms
  4 giant cockroaches
  4 goblins
  7 hobgoblins
  A quokka (D:1)
  5 ball pythons
  4 bats
  3 frilled lizards
  6 kobolds
  5 rats
67 creatures vanquished.

Vanquished Creatures (collateral kills)
  2 foxfires (D:1)
2 creatures vanquished.

Vanquished Creatures (others)
  222 foxfires
222 creatures vanquished.

Grand Total: 291 creatures vanquished

Notes
Turn   | Place    | Note
-------+----------+-------------------------------------------
     0 | D:1      | Ekaitz the Demonspawn Fire Elementalist began the quest for
                  | the Orb.
     0 | D:1      | Reached XP level 1. HP: 13/13 MP: 3/3
   127 | D:1      | Found a faded altar of an unknown god.
   218 | D:1      | Reached skill level 3 in Fire Magic
   256 | D:1      | Gained mutation: You regenerate magic rapidly. [demonic
                  | ancestry]
   256 | D:1      | Reached XP level 2. HP: 20/20 MP: 3/5
   259 | D:1      | Learned a level 2 spell: Scorch
   838 | D:2      | Gained mutation: When hurt, damage is shared between your
                  | health and your magic reserves. [demonic ancestry]
   838 | D:2      | Reached XP level 3. HP: 25/25 MP: 3/6
  1058 | D:2      | Learned a level 3 spell: Volatile Blastmotes
  1141 | D:2      | Found Hyhum's General Store.
  1334 | D:3      | Found a basalt altar of Yredelemnul.
  1471 | D:3      | Found a sparkling altar of Nemelex Xobeh.
  1950 | D:4      | Reached XP level 4. HP: 31/31 MP: 3/7
  1971 | D:4      | Reached skill level 1 in Fighting
  2055 | D:4      | Noticed a scorpion
  2181 | D:4      | Gained mutation: You have large cloven feet. [demonic
                  | ancestry]
  2181 | D:4      | Reached XP level 5. HP: 37/37 MP: 2/8
  2322 | D:4      | Reached skill level 4 in Fire Magic
  2378 | D:4      | Learned a level 3 spell: Inner Flame
  2768 | D:4      | Reached skill level 1 in Hexes
  2768 | D:4      | Gained mutation: You are surrounded by a mild repulsion
                  | field. (EV +2) [demonic ancestry]
  2768 | D:4      | Reached XP level 6. HP: 39/44 MP: 2/10
  2822 | D:5      | Entered Level 5 of the Dungeon
  3016 | D:5      | Noticed Menkaure
  3028 | D:5      | Killed from afar by Menkaure

Illustrated notes

Levels and vault maps discovered:
D:1:      saegor_arrival_simple_c, layout_basic,
          shapermc_ecumenical_altar_flowoftime, roderic_roman_lattice,
          serial_bayou_ford_a
D:2:      layout_basic, serial_shops, nicolae_lakefront_shop
D:3:      layout_loops_ring, nemelex_spade_bored_becter,
          mainiacjoe_overflow_tiny_flanked
D:4:      layout_rooms, chequers_big_river
D:5:      layout_basic, nicolae_houndstooth_variations, uniq_menkaure

Skill      XL: |  1  2  3  4  5  6 |
---------------+-------------------+-----
Fire Magic     | 3 4 |  4.4
Conjurations   | 2 3 |  3.4
Fighting       | 1 2 |  2.1
Stealth        | 2 |  2.1
Hexes          | 1 |  1.3
Spellcasting   | 3 |  3.1
Dodging        | 2 |  2.0
Short Blades   | |  0.1
Translocations | |  0.9
Evocations     | |  0.5

Action                     |  1- 3 |  4- 6 || total
---------------------------+-------+-------++-------
  Melee: Dagger            |    16 |       ||    16
         Short sword       |       |    25 ||    25
         Kick              |       |     5 ||     5
   Cast: Foxfire           |    64 |    58 ||   122
         Scorch            |     5 |     8 ||    13
         Volatile Blastmot |       |     1 ||     1
   Stab: Sleeping          |     6 |     2 ||     8
 Armour: Robe              |    14 |    20 ||    34
  Dodge: Dodged            |    19 |    34 ||    53

Table legend: (Time is in decaauts)
 A = Elapsed time spent in this place.
 B = Non-inter-level travel time spent in this place.
 C = Inter-level travel time spent in this place.
 D = Time resting spent in this place.
 E = Time spent auto-exploring this place.
 F = Levels seen in this place.
 G = Mean time per level.
                   A        B        C        D        E       F      G
               +--------+--------+--------+--------+--------+-----+--------+
         Total |   3055 |   2885 |    170 |    118 |   2225 |   5 |  611.0 |
       Dungeon |   3055 |   2885 |    170 |    118 |   2225 |   5 |  611.0 |
               +--------+--------+--------+--------+--------+-----+--------+

Top non-repeatable levels by time:
     D:3: 885 daAuts
     D:4: 766 daAuts
     D:1: 749 daAuts
     D:2: 448 daAuts
     D:5: 205 daAuts
